 Dungeon Crawl Stone Soup version 0.21.1-1-g345015fe64 (webtiles) character file.

659 GotenAND the Poker (level 7, -3/60 HPs)
             Began as a Minotaur Fighter on July 4, 2018.
             Killed by divine providence
             ... invoked by an orc priest
              (13 damage)
             ... on level 5 of the Dungeon.
             The game lasted 00:13:58 (3423 turns).

GotenAND the Poker (Minotaur Fighter)               Turns: 3423, Time: 00:13:58

Health: -3/60      AC: 11    Str: 22    XL:     7   Next: 30%
Magic:  6/6        EV:  8    Int:  5    God:
Gold:   238        SH: 10    Dex: 13    Spells: 6/6 levels left

rFire    . . .     SeeInvis .   a - +1 trident
rCold    . . .     Gourm    .   c - +0 shield
rNeg     . . .     Faith    .   b - +0 scale mail
rPois    +         Spirit   .   (helmet restricted)
rElec    .         Reflect  .   n - +0 cloak
rCorr    .         Harm     .   (no gloves)
MR       .....                  q - +2 pair of boots
Stlth    ..........             (no amulet)
HPRegen  0.20/turn              g - +3 ring of dexterity
MPRegen  0.10/turn              h - ring of poison resistance

@: no status effects
A: retaliatory headbutt, horns 2
a: no special abilities


You were on level 5 of the Dungeon.
You were not hungry.

You visited 1 branch of the dungeon, and saw 5 of its levels.

You collected 238 gold pieces.

Inventory:

Hand Weapons
 a - a +1 trident (weapon)
 t - the +5 spear "Otusim" {drain, -Tele rElec Str+2 Dex+3, unknown}
   (You found it on level 5 of the Dungeon)

   A truly terrible weapon, it drains the life of those it strikes.
   It affects your strength (+2).
   It affects your dexterity (+3).
   It insulates you from electricity.
   It prevents most forms of teleportation.
Armour
 b - a +0 scale mail (worn)
 c - a +0 shield (worn)
 n - a +0 cloak (worn)
 q - a +2 pair of boots (worn)
Jewellery
 g - a +3 ring of dexterity (left hand)
 h - a ring of poison resistance (right hand)
Wands
 i - a wand of flame (14)
Scrolls
 r - a scroll of torment {unknown}
 s - a scroll of magic mapping {unknown}
 u - a scroll of blinking {unknown}
Potions
 d - a potion of might
 j - a potion of mutation {unknown}
 l - a potion of magic {unknown}
 m - a potion of berserk rage {unknown}
Books
 k - a book of Cantrips

   Spells                             Type                      Level
   a - Confusing Touch                Hexes                        1
   b - Animate Skeleton               Necromancy                   1
   c - Summon Small Mammal            Summoning                    1
   d - Apportation                    Translocation                1
 p - a book of Geomancy

   Spells                             Type                      Level
   a - Sandblast                      Earth                        1
   b - Passwall                       Transmutation/Earth          2
   c - Stone Arrow                    Conjuration/Earth            3
   d - Petrify                        Transmutation/Earth          4
   e - Lee's Rapid Deconstruction     Earth                        5
Comestibles
 f - 11 rations


   Skills:
 + Level 4.6 Fighting
 * Level 7.2 Polearms
 + Level 4.7 Armour
 + Level 1.3 Dodging
 + Level 0.5 Stealth
 * Level 5.8 Shields


You had 6 spell levels left.
You didn't know any spells.

Dungeon Overview and Level Annotations

Branches:
Dungeon (5/15)             Temple (0/1) D:4

Altars:
Dithmenos
Ru
Zin


Innate Abilities, Weirdness & Mutations

You reflexively headbutt those who attack you in melee.
You have a pair of horns on your head.


Message History

Found 14 gold pieces.
The orc priest looks satisfied for a moment.
The orc priest looks encouraged for a moment.
The crimson imp blinks!
The adder bites you but does no damage.
The crimson imp hits you but does no damage.
The adder barely misses you. You block the adder's attack.
The orc priest miscasts a cantrip.
You block the adder's attack.
The crimson imp shouts, "Slither hence, thou loggerheaded beef-witted bull-brain!"
The crimson imp shouts, "Slither home, thou yeasty full-gorged frater!"
As you read the scroll of fear, it crumbles to dust.
You assume a fearsome visage.
The orc warrior resists with some effort.
The orc looks frightened! x2; The orc priest looks frightened!
The crimson imp is unaffected.
The adder looks frightened!
The crimson imp completely misses you.
The orc priest mumbles some strange prayers to Beogh against you.
Beogh smites you!
You die...

##################
....#.$..........#
.....$...........#
.................#
.........$..S....#
.................#
..........o....o@#
........o......5.#
.........o...#####
.............#
....#.......##
#.######...## ....
...### ..........
....#......


You could see an orc warrior, an orc priest, a crimson imp, an adder (fleeing)
and an orc (fleeing).

Vanquished Creatures
  Sigmund (D:5)
  2 ogres (D:4)
  A howler monkey (D:5)
  Jessica (D:2)
  Ijyb (D:4)
  An iguana (D:5)
  2 orc wizards (D:4)
  A worker ant (D:5)
  3 gnolls (D:2)
  2 adders
  2 shadow imps (D:5)
  2 worms
  2 dart slugs
  9 orcs (D:4)
  2 giant cockroaches
  11 goblins
  5 hobgoblins
  3 jackals (D:4)
  2 quokkas
  2 ball pythons
  8 bats
  4 frilled lizards
  A jackal skeleton (D:5)
  6 kobolds
  7 rats
81 creatures vanquished.

Notes
Turn   | Place    | Note
-------+----------+-------------------------------------------
     0 | D:1      | GotenAND the Minotaur Fighter began the quest for the Orb.
     0 | D:1      | Reached XP level 1. HP: 19/19 MP: 0/0
   181 | D:1      | You fall through a shaft!
   189 | D:2      | Reached XP level 2. HP: 26/27 MP: 1/1
   263 | D:2      | Reached skill level 3 in Polearms
   502 | D:2      | Noticed Jessica
   507 | D:2      | Killed Jessica
   507 | D:2      | Reached XP level 3. HP: 25/33 MP: 2/2
   871 | D:2      | Found a glowing silver altar of Zin.
  1037 | D:2      | Reached XP level 4. HP: 38/40 MP: 3/3
  1402 | D:1      | Reached skill level 4 in Polearms
  2628 | D:4      | Found a staircase to the Ecumenical Temple.
  2653 | D:4      | Reached XP level 5. HP: 43/46 MP: 4/4
  2791 | D:4      | Noticed an ogre
  2795 | D:4      | Killed an ogre
  2795 | D:4      | Reached skill level 5 in Polearms
  2795 | D:4      | Reached skill level 5 in Shields
  2795 | D:4      | Reached XP level 6. HP: 42/52 MP: 5/5
  2861 | D:4      | Found a shadowy altar of Dithmenos.
  3103 | D:4      | Reached skill level 6 in Polearms
  3103 | D:4      | Reached skill level 1 in Dodging
  3105 | D:4      | Noticed Ijyb
  3129 | D:4      | Killed Ijyb
  3204 | D:4      | Found a sacrificial altar of Ru.
  3241 | D:5      | Entered Level 5 of the Dungeon
  3241 | D:5      | Noticed Sigmund
  3310 | D:5      | Got a faintly glowing spear
  3345 | D:5      | Killed Sigmund
  3345 | D:5      | Reached skill level 7 in Polearms
  3345 | D:5      | Reached XP level 7. HP: 36/60 MP: 6/6
  3423 | D:5      | Killed from afar by an orc priest

Skill      XL: |  1  2  3  4  5  6 |
---------------+-------------------+-----
Shields        | 4 5 |  5.8
Polearms       | 3 4 5 7 |  7.2
Fighting       | 4 |  4.6
Armour         | 4 |  4.7
Dodging        | 1 |  1.3
Stealth        | |  0.5

Action                   |  1- 3 |  4- 6 |  7- 9 || total
-------------------------+-------+-------+-------++-------
Melee: Trident           |    57 |   141 |    14 ||   212
       Headbutt          |    10 |    28 |     3 ||    41
  Use: Scroll            |       |     9 |     2 ||    11
  Eat: Chunk             |       |     4 |     1 ||     5
       Ration            |       |     1 |       ||     1
Armor: Scale mail        |    24 |    38 |     9 ||    71
Dodge: Dodged            |    15 |    44 |     7 ||    66
Block: Shield            |    23 |    59 |     9 ||    91
